 Dungeon Crawl Stone Soup version 0.22.0-49-gab54619674 (webtiles) character file.

97 Gunterle the Skirmisher (level 4, -3/36 HPs)
             Began as a Mummy Fighter on Sept 5, 2018.
             Killed by divine providence
             ... invoked by an orc priest
              (15 damage)
             ... on level 3 of the Dungeon.
             The game lasted 00:05:08 (1823 turns).

Gunterle the Skirmisher (Mummy Fighter)             Turns: 1823, Time: 00:05:08

Health: -3/36      AC:  6    Str: 20    XL:     4   Next: 42%
Magic:  4/4        EV:  7    Int:  7    God:
Gold:   133        SH:  8    Dex: 11    Spells: 3/3 levels left

rFire    x . .     SeeInvis .   a - +0 long sword
rCold    + . .     Gourm    .   c - +0 shield
rNeg     + + +     Faith    .   b - +0 scale mail
rPois    ∞         Spirit   .   (no helmet)
rElec    .         Reflect  .   (no cloak)
rCorr    .         Harm     .   (no gloves)
MR       .....                  (no boots)
Stlth    ..........             (no amulet)
HPRegen  0.12/turn              (no ring)
MPRegen  0.09/turn              (no ring)

@: slowed, very slow
A: no food or potions, fire vulnerability, cold resistance 1, negative energy
resistance 3, torment resistance, unbreathing
a: no special abilities


You were on level 3 of the Dungeon.
You were not hungry.

You visited 1 branch of the dungeon, and saw 3 of its levels.

You collected 133 gold pieces.

Inventory:

Hand Weapons
 a - a +0 long sword (weapon)
 k - a +0 spear
Missiles
 d - 42 sling bullets
 e - 80 stones (quivered)
 f - 76 arrows
 m - 3 tomahawks
Armour
 b - a +0 scale mail (worn)
 c - a +0 shield (worn)
 h - a cursed +0 ring mail
Scrolls
 g - a scroll of amnesia {unknown}
 i - a scroll of magic mapping
 j - a scroll of identify {unknown}
 l - a scroll of noise {unknown}


   Skills:
 + Level 3.6 Fighting
 * Level 3.0 Long Blades
 + Level 3.0 Armour
 - Level 2.4 Shields


You had 3 spell levels left.
You didn't know any spells.
Your spell library was empty.

Dungeon Overview and Level Annotations

Branches:
Dungeon (3/15)

Altars:
Okawaru


Innate Abilities, Weirdness & Mutations

You do not eat or drink.
Your flesh is vulnerable to fire.
You are immune to poison.
Your flesh is cold resistant. (rC+)
You are immune to negative energy. (rN+++)
You are immune to unholy pain and torment.
You can survive without breathing.


Message History

You block the orc wizard's attack.
You hit the orc wizard.
The orc wizard is heavily wounded.
You block the orc's attack. The orc wizard barely misses you.
The orc priest looks braver for a moment.
You block the orc's attack.
The orc wizard hits you but does no damage.
The orc priest mumbles some strange prayers to Beogh against you.
Beogh smites you! You block the orc's attack.
You hit the orc.
The orc is lightly wounded.
You block the orc wizard's attack. The orc barely misses you.
The orc wizard hits you but does no damage.
The orc hits you but does no damage.
You hit the orc.
The orc is almost dead.
You block the orc wizard's attack.
The orc priest mumbles some strange prayers to Beogh against you.
Beogh smites you!
You die...

#...# #.#.#<)..
#+####..#
#.#.#....
#......>#
#.#.#....
#.####### #.#....
#.######## .....
########.........
.....
.................
.###.
########o########
.. . #.@oooo...
#.######## #.#
#.# #.# #.# #.#
#.


You could see an orc priest, an orc wizard and 3 orcs.

Vanquished Creatures
  3 adders (D:2)
  2 oozes (D:1)
  A worm (D:2)
  2 dart slugs
  A leopard gecko (D:1)
  An orc (D:3)
  A ball python (D:2)
  2 giant cockroaches (D:1)
  8 goblins
  2 hobgoblins (D:1)
  5 bats
  7 frilled lizards (D:1)
  10 kobolds
  11 rats
56 creatures vanquished.

Vanquished Creatures (others)
  7 toadstools (D:1)
7 creatures vanquished.

Grand Total: 63 creatures vanquished

Notes
Turn   | Place    | Note
-------+----------+-------------------------------------------
     0 | D:1      | Gunterle the Mummy Fighter began the quest for the Orb.
     0 | D:1      | Reached XP level 1. HP: 18/18 MP: 1/1
   214 | D:1      | Reached XP level 2. HP: 24/24 MP: 2/2
   488 | D:1      | Reached XP level 3. HP: 16/29 MP: 3/3
  1297 | D:2      | Reached XP level 4. HP: 28/35 MP: 4/4
  1487 | D:2      | Found an iron altar of Okawaru.
  1823 | D:3      | Killed from afar by an orc priest

Skill      XL: |  1  2  3  4 |
---------------+-------------+-----
Long Blades    | 2 3 |  3.0
Armour         | 3 |  3.0
Fighting       | |  3.6
Shields        | |  2.4

Action                   |  1- 3 |  4- 6 || total
-------------------------+-------+-------++-------
Melee: Long sword        |   122 |    39 ||   161
  Use: Scroll            |       |     1 ||     1
Armor: Scale mail        |    79 |    14 ||    93
Dodge: Dodged            |    42 |     9 ||    51
Block: Shield            |    78 |    26 ||   104
       Rpst.: Long sword |    19 |     3 ||    22
